 Dungeon Crawl Stone Soup version 0.31-a0-1612-g4aaf141 (webtiles) character file.

Game seed: 9885213752348134848

576 PublicAnimeNo1 the Apothecary (level 7, -3/50 HPs)
             Began as a Demonspawn Alchemist on Jan 9, 2024.
             Killed from afar by Dowan (6 damage)
             ... with a stone arrow
             ... on level 4 of the Dungeon.
             The game lasted 00:10:59 (3353 turns).

PublicAnimeNo1 the Apothecary (DsAl)                Turns: 3353, Time: 00:10:59

Health: -3/50      AC:  7    Str:  9    XL:     7   Next: 13%
Magic:  5/12       EV: 11    Int: 17    God:
Gold:   102        SH:  4    Dex: 13    Spells: 8/13 levels left

rFire   + . .        l - +4 short sword (speed)
rCold   + . .        (no shield)
rNeg    . . .        e - +1 leather armour
rPois   +            (no helmet)
rElec   +            (no cloak)
rCorr   +            (no gloves)
SInv    .            (no boots)
Will    .....        (no amulet)
Stlth   ++           (no ring)
HPRegen 0.28/turn    (no ring)
MPRegen 0.13/turn

%: no passive effects
@: mighty, resistant
A: yellow scales 2, condensation shield
a: no special abilities


You were on level 4 of the Dungeon.
You visited 1 branch of the dungeon, and saw 4 of its levels.

You collected 172 gold pieces.
You spent 70 gold pieces at shops.

Inventory:

Hand Weapons
 l - a +4 short sword of speed (weapon)
Missiles
 d - a throwing net
Armour
 c - the +2 pair of boots "Isiluz" {rF+ Str+3 Int-4}
   (You acquired it on level 4 of the Dungeon)

   Str+3:     It affects your strength (+3).
   Int-4:     It affects your intelligence (-4).
   rF+:       It protects you from fire.
 e - a +1 leather armour (worn)
 m - a +0 pair of gloves
Scrolls
 g - a scroll of enchant weapon
 h - a scroll of enchant armour
 k - a scroll of teleportation
Potions
 a - a potion of might
 b - 2 potions of magic
 f - a potion of cancellation


   Skills:
 + Level 2.3 Fighting
 - Level 1.7 Dodging
 + Level 3.6 Stealth
 + Level 3.5 Spellcasting
 - Level 1.0 Conjurations
 * Level 6.2 Alchemy


You had 8 spell levels left.
You knew the following spells:

 Your Spells              Type           Power      Damage    Failure   Level
a - Sting                 Conj/Alch      60%        1d6       5%          1
b - Olgreb's Toxic Radia  Alch           24%        N/A       19%         4

Your spell library contained the following spells:

 Spells                   Type           Power      Damage    Failure   Level
 Mercury Vapours          Alch/Air       26%        N/A       10%         2
 Apportation              Tloc           6%         N/A       24%         1
 Mephitic Cloud           Conj/Alch/Air  11%        N/A       26%         3
 Jinxbite                 Hex            6%         N/A       34%         2
 Alistair's Intoxication  Alch           16%        N/A       45%         5
 Sticky Flame             Fire/Alch      13%        2d5       54%         4


Dungeon Overview and Level Annotations

Branches:
Dungeon (4/15)
 Temple: D:4-7

Altars:

Shops:
D:3 !==(=   D:4 [=[

Annotations:
D:2 Natasha, Sigmund
D:4 Dowan


Innate Abilities, Weirdness & Mutations

You are mostly covered in yellow scales. (AC +3)
A meltable shield of frost defends you. (SH +4)


Message History

* * * LOW HITPOINT WARNING * * *
The kobold attacks as it pursues you! The kobold hits you but does no damage.
It was a potion of resistance.
You feel protected.
Dowan casts a spell.
Dowan blinks!
The kobold hits you with a +0 short sword.
* * * LOW HITPOINT WARNING * * *
Duvessa closely misses you.
You barely miss Duvessa.
Duvessa is almost dead.
You hit Duvessa.
You kill Duvessa!
Dowan screams, "No!
No!"
Dowan seems to find hidden reserves of power!
The kobold barely misses you.
Dowan gestures wildly while chanting.
Dowan blinks!
You have reached level 7!
You hit the kobold.
The kobold is moderately wounded.
The kobold hits you but does no damage.
Dowan says, "Her death will not be in vain!"
The kobold hits you with a +0 short sword.
* * * LOW HITPOINT WARNING * * *
Things that are here:
a +0 rapier; a +0 chain mail; the elf corpse of Duvessa You completely miss the kobold.
The kobold is moderately wounded.
Aiming: Sting (safe; 5% risk of failure)
Press: ? - help, Q - select action, (/) - cycle Shift-Dir - straight line, f/p - Dowan
Aim: Dowan, wielding a +0 dagger and wearing a +0 robe (heavily wounded, fast, poisoned, 64% to hit)
The sting misses the kobold.
The sting misses Dowan.
The kobold closely misses you.
You hit Dowan.
Dowan is heavily wounded.
The kobold completely misses you.
Dowan points at you and mumbles some strange words.
The stone arrow hits you.
You die...

#.#####.# .#####.
........# .#~~~#.
#.#####.# .#~~~#.
..# #.# .#~.~#.
### #.# .#~~~#.
#.# ##.#SS~#. #.#
##..##+##.
#.#######.Ke......
#.........@.......
##################


You could see Dowan (fast, poisoned), 2 adders and a kobold.

Vanquished Creatures
  Duvessa (D:4)
  An ogre (D:4)
  A phantom (D:4)
  2 scorpions (D:4)
  An orc priest (D:4)
  An iguana (D:4)
  3 gnolls (D:4)
  5 adders
  2 ribbon worms
  3 dart slugs
  4 orcs (D:4)
  14 ball pythons
  4 endoplasms
  3 giant cockroaches
  5 hobgoblins
  A jackal (D:4)
  A quokka (D:4)
  3 bats
  2 frilled lizards (D:3)
  3 goblins
  10 kobolds
  5 rats
75 creatures vanquished.

Notes
Turn   | Place    | Note
-------+----------+-------------------------------------------
     0 | D:1      | PublicAnimeNo1 the Demonspawn Alchemist began the quest for
                  | the Orb.
     0 | D:1      | Reached XP level 1. HP: 13/13 MP: 3/3
   232 | D:1      | Gained mutation: You are partially covered in yellow
                  | scales. (AC +2) [demonic ancestry]
   232 | D:1      | Reached XP level 2. HP: 14/19 MP: 0/5
  1121 | D:2      | Reached skill level 4 in Alchemy
  1318 | D:2      | Noticed Sigmund
  1436 | D:2      | Gained mutation: You are mostly covered in yellow scales.
                  | (AC +3) [demonic ancestry]
  1436 | D:2      | Reached XP level 3. HP: 24/24 MP: 2/6
  1715 | D:2      | Noticed Natasha
  2025 | D:3      | Found Xalluf's Antique Weapon Emporium.
  2038 | D:3      | Reached XP level 4. HP: 30/30 MP: 2/7
  2171 | D:3      | Found Vekocre's Jewellery Shoppe.
  2307 | D:3      | Found a faded altar of an unknown god.
  2366 | D:3      | Found Ywuptog's Jewellery Emporium.
  2380 | D:3      | Found Rexim's Distillery.
  2388 | D:3      | Bought a potion of heal wounds for 70 gold pieces
  2478 | D:3      | Found Ugytsut's Jewellery Shoppe.
  2655 | D:4      | Noticed a phantom
  2750 | D:4      | Noticed an ogre
  2754 | D:4      | Identified a scroll of acquirement
  2754 | D:4      | Acquired the +2 pair of boots "Isiluz" {rF+ Str+3 Int-4}
  2764 | D:4      | Killed an ogre
  2765 | D:4      | Reached skill level 5 in Alchemy
  2765 | D:4      | Gained mutation: A meltable shield of frost defends you.
                  | (SH +4) [demonic ancestry]
  2765 | D:4      | Reached XP level 5. HP: 36/36 MP: 4/9
  2777 | D:4      | Reached skill level 1 in Fighting
  2840 | D:4      | Found Woygol's Jewellery Emporium.
  2840 | D:4      | Found Bigiupn's Armour Emporium.
  2842 | D:4      | Found Vauhar's Armour Emporium.
  2903 | D:4      | Reached XP level 6. HP: 38/43 MP: 7/10
  2920 | D:4      | Learned a level 4 spell: Olgreb's Toxic Radiance
  3319 | D:4      | Reached skill level 6 in Alchemy
  3323 | D:4      | Noticed Duvessa
  3326 | D:4      | Noticed Dowan
  3348 | D:4      | Killed Duvessa
  3349 | D:4      | Reached XP level 7. HP: 5/50 MP: 5/12
  3353 | D:4      | Killed from afar by Dowan

Illustrated notes

Levels and vault maps discovered:
D:1:      kennysheep_arrival_seaside, layout_basic, chequers_hall_statues_wall_a
D:2:      layout_basic, uniq_sigmund, uniq_natasha
D:3:      layout_rooms, ebering_ecumenical_altar_sacrificial, serial_shops,
          nicolae_shop_gaudy_bauble, nicolae_shop_peninsula,
          nicolae_shop_hallway_stairs, nicolae_shop_tiny_statue_garden, shop,
          wad_floor_pattern_untrapped
D:4:      layout_basic, gup_sewer_entry_glass,
          eino_small_chamber_without_monster,
          nicolae_shop_distant_corner_stores, minmay_between, uniq_duvessa

Skill      XL: |  1  2  3  4  5  6 |
---------------+-------------------+-----
Alchemy        | 4 5 6 |  6.2
Stealth        | 2 3 |  3.6
Fighting       | 1 2 |  2.3
Spellcasting   | 3 |  3.5
Dodging        | |  1.7
Conjurations   | |  1.0

Action                     |  1- 3 |  4- 6 |  7- 9 || total
---------------------------+-------+-------+-------++-------
  Melee: Unarmed           |     3 |       |       ||     3
         Short sword       |    13 |   104 |     3 ||   120
         Punch             |       |     1 |       ||     1
   Cast: Sting             |    65 |    47 |     1 ||   113
    Use: Scroll            |       |     8 |       ||     8
         Potion            |       |     3 |       ||     3
   Stab: Sleeping          |       |     2 |       ||     2
 Armour: Leather armour    |    17 |    66 |     3 ||    86
  Dodge: Dodged            |    16 |    60 |     2 ||    78
  Block: Other             |       |     8 |       ||     8

Table legend: (Time is in decaauts)
 A = Elapsed time spent in this place.
 B = Non-inter-level travel time spent in this place.
 C = Inter-level travel time spent in this place.
 D = Time resting spent in this place.
 E = Time spent auto-exploring this place.
 F = Levels seen in this place.
 G = Mean time per level.
                   A        B        C        D        E       F      G
               +--------+--------+--------+--------+--------+-----+--------+
         Total |   3325 |   2944 |    381 |    244 |   1951 |   4 |  831.2 |
       Dungeon |   3325 |   2944 |    381 |    244 |   1951 |   4 |  831.2 |
               +--------+--------+--------+--------+--------+-----+--------+

Top non-repeatable levels by time:
     D:1: 1160 daAuts
     D:4: 776 daAuts
     D:3: 776 daAuts
     D:2: 612 daAuts
